 Dungeon Crawl Stone Soup version 0.17.1-3-g152610e (webtiles) character file.

210 Nyvrem the Skirmisher (level 5, 0/42 HPs)
             Began as a Demonspawn Gladiator on Apr 16, 2016.
             Was an Initiate of Kikubaaqudgha.
             Slain by a gnoll
             ... wielding a +0 spear
              (6 damage)
             ... on level 3 of the Dungeon.
             The game lasted 00:14:52 (4152 turns).

Nyvrem the Skirmisher (Demonspawn Gladiator)        Turns: 4152, Time: 00:14:52

Health: 0/42       AC:  1    Str: 15    XL:     5   Next: 56%
Magic:  5/5        EV: 14    Int: 10    God:    Kikubaaqudgha [......]
Gold:   82         SH:  0    Dex: 14    Spells: 0 memorised, 4 levels left

rFire  . . .     SeeInvis .     s - +0 spear
rCold  . . .     Clarity  .     (no armour)
rNeg   . . .     SustAt   .     (no shield)
rPois  .         Gourm    .     (no helmet)
rElec  .         Spirit   .     (no cloak)
rCorr  .         Warding  .     (no gloves)
rMut   .         Stasis   .     (no boots)
MR     .....                    (no amulet)
Stlth  +.........               (no ring)
                                (no ring)

@: not resistant to hostile enchantments, very unstealthy
A: talons 2, molten scales 1
a: Renounce Religion


You were on level 3 of the Dungeon.
You worshipped Kikubaaqudgha.
Kikubaaqudgha was noncommittal.
You were not hungry.

You visited 1 branch of the dungeon, and saw 3 of its levels.

You collected 82 gold pieces.

Inventory:

Hand Weapons
 s - a +0 spear (weapon)
Missiles
 d - 2 throwing nets
 f - 82 stones (quivered)
Armour
 h - a +0 helmet
Wands
 c - a wand of slowing (15)
 r - a wand of confusion (17)
Scrolls
 a - a scroll of amnesia {unknown}
 j - 3 scrolls of remove curse
 k - a scroll of magic mapping
 l - 2 scrolls of teleportation
 m - a scroll of immolation
Potions
 b - a potion of resistance {unknown}
 g - a potion of agility {unknown}
 i - a potion of magic {unknown}
 n - a potion of poison {unknown}
 o - a potion of heal wounds {unknown}
 q - a potion of brilliance {unknown}
Comestibles
 e - a bread ration


   Skills:
 + Level 4.1 Fighting
 - Level 3.4 Polearms
 - Level 1.7 Throwing
 - Level 4.0 Dodging


You had 4 spell levels left.
You didn't know any spells.

Dungeon Overview and Level Annotations

Branches:
Dungeon (3/15)

Altars:
Kikubaaqudgha
Trog
Zin
The Shining One

Annotations:
D:3 pupkin's ghost, weakling DEWz


Innate Abilities, Weirdness & Mutations

You have razor-sharp toenails.
You are partially covered in molten scales (AC +1).


Message History

You throw a stone.
The stone hits the gnoll but does no damage.
The gnoll is lightly wounded.
Attack whom?
Press: ? - help, Dir - move target cursor, f/p - gnoll
Aim: a gnoll, wielding a spear (lightly wounded, slow)
You reach to attack!
You closely miss the gnoll.
The gnoll is lightly wounded.
Attack whom?
Press: ? - help, Dir - move target cursor, f/p - gnoll
Aim: a gnoll, wielding a spear (lightly wounded, slow)
Okay, then.
Zapping:
r - a wand of confusion (will waste charges)
Press: ? - help, Shift-Dir - straight line, f/p - gnoll
Aim: a gnoll, wielding a spear (lightly wounded, slow, chance to defeat MR: 54%)
The gnoll resists with significant effort.
Evoking this partially-identified wand wasted a few charges.
The gnoll hits you from afar with a spear.
You die...
Kikubaaqudgha rasps: "You have failed me!
Welcome... death!"

#.#<.)......#.#
#.###########.#
#.............#
###############
####### ...(.#
#####...#
#.@.g%<.#
#.#####.# #.
... #. .### ..
.. #. .. ## ###


You could see a gnoll.

Vanquished Creatures
  Ijyb (D:2)
  Jessica (D:2)
  Robin (D:3)
  3 adders (D:2)
  5 gnolls
  An ooze (D:1)
  3 worms
  A giant gecko (D:1)
  2 ball pythons
  2 giant cockroaches
  8 hobgoblins
  4 jackals (D:3)
  9 kobolds
  A quokka (D:2)
  8 bats
  11 goblins
  4 rats
65 creatures vanquished.

Vanquished Creatures (others)
  A human (D:2)
1 creature vanquished.

Grand Total: 66 creatures vanquished

Notes
Turn   | Place    | Note
--------------------------------------------------------------
     0 | D:1      | Nyvrem the Demonspawn Gladiator began the quest for the Orb.
     0 | D:1      | Reached XP level 1. HP: 16/16 MP: 1/1
    72 | D:1      | Reached skill level 3 in Dodging
   215 | D:1      | Gained mutation: You have sharp toenails. [demonic ancestry]
   215 | D:1      | Reached XP level 2. HP: 22/22 MP: 2/2
   916 | D:1      | Gained mutation: You are partially covered in molten scales (AC +1). [demonic ancestry]
   916 | D:1      | Reached XP level 3. HP: 28/28 MP: 3/3
  1376 | D:2      | Noticed Robin
  1684 | D:2      | Found a glowing golden altar of the Shining One.
  1842 | D:2      | Found a glowing silver altar of Zin.
  1845 | D:2      | Found an ancient bone altar of Kikubaaqudgha.
  1849 | D:2      | Became a worshipper of Kikubaaqudgha
  1853 | D:2      | Found a bloodstained altar of Trog.
  2105 | D:2      | Noticed Ijyb
  2120 | D:2      | Killed Ijyb
  2120 | D:2      | Gained mutation: You have razor-sharp toenails. [demonic ancestry]
  2120 | D:2      | Reached XP level 4. HP: 26/35 MP: 4/4
  2288 | D:2      | Found an ancient bone altar of Kikubaaqudgha.
  2288 | D:2      | Noticed a human
  2291 | D:2      | Killed a human
  3118 | D:2      | Noticed Jessica
  3121 | D:2      | Killed Jessica
  3121 | D:2      | Reached skill level 4 in Fighting
  3121 | D:2      | Reached XP level 5. HP: 42/42 MP: 5/5
  3200 | D:3      | Killed Robin
  3218 | D:3      | Noticed pupkin's ghost (weakling DEWz)
  4152 | D:3      | Slain by a gnoll

Action                   |  1- 3 |  4- 6 || total
-------------------------+-------+-------++-------
Melee: Trident           |   143 |    71 ||   214
       Spear             |       |    34 ||    34
Throw: Stone             |    89 |    22 ||   111
       Throwing net      |     1 |     2 ||     3
Evoke: Wand              |       |     2 ||     2
  Use: Scroll            |       |     4 ||     4
 Stab: Sleeping          |       |     1 ||     1
  Eat: Chunk             |     4 |     3 ||     7
       Bread ration      |       |     1 ||     1
